AoeStats
← DG

Black Forest

506754132Analyzed
4v4 RM · 16d ago on Sep 15, 2026· 77m 9s· 8 players
Game mode
Random Map
Map size
Large (8 player)
Population
200
Speed
Normal
Resources
Standard
Victory
Conquest
Starting age
Dark Age
Ending age
Imperial Age
RankedLock teamsTeams togetherTeam positionsShared explorationLock speedFull tech treeHidden civsTurbo modeCheats
Victory
Defeat
🇦🇷 Lithuanians · Argentina
798
+14
🇨🇴 Britons · Colombia
696
+18
🇧🇷 Bohemians · Brazil
678
+18
🇺🇸 Portuguese · United States
655
+20
🇲🇽 Persians · Mexico
771
-19
🇺🇸 Mongols · United States
751
-18
🇺🇸 Chinese · United States
721
-17
🇹🇷 Persians · Türkiye
698
-16
StrawbrryShakes
0:48 Loom
15:50 Feudal Age
17:14 Wheelbarrow
16:32 Double-Bit Axe
24:00 Castle Age
26:43 Horse Collar
30:05 Bow Saw
30:44 Heavy Plow
31:25 Stone Mining
32:55 Hand Cart
33:04 Gold Mining
35:50 Town Watch
37:17 Gold Shaft Mining
37:19 Stone Shaft Mining
37:29 Stone Shaft Mining
37:18 Fletching
37:29 Padded Archer Armor
38:27 Thumb Ring
38:45 Crossbowman
39:29 Bodkin Arrow
42:51 Imperial Age
41:18 Leather Archer Armor
44:35 Bracer
44:24 Arbalester
46:01 Ring Archer Armor
46:09 Conscription
54:58 Squires
55:07 Scale Mail Armor
55:18 Forging
54:36 Pikeman
55:05 Arson
65:13 Town Patrol
DG
14:18 Feudal Age
16:00 Wheelbarrow
15:13 Double-Bit Axe
15:13 Horse Collar
15:41 Gold Mining
16:36 Loom
21:55 Castle Age
22:42 Hand Cart
22:29 Heavy Plow
22:40 Bow Saw
24:37 Stone Mining
25:24 Gold Shaft Mining
29:24 Caravan
29:55 Coinage
32:03 Stone Shaft Mining
32:10 Forging
32:06 Scale Barding Armor
39:31 Imperial Age
39:38 Onager
42:00 Elite War Elephant
43:01 Conscription
43:13 Citadels
43:25 Husbandry
43:35 Bloodlines
42:46 Cavalier
45:31 Ballistics
46:11 Chemistry
44:35 Pikeman
45:15 Squires
45:01 Gambesons
45:01 Arson
44:41 Heavy Scorpion
47:32 Crop Rotation
48:06 Two-Man Saw
49:11 Halberdier
49:12 Man-at-Arms
52:44 Masonry
53:33 Banking
54:29 Guilds
54:09 Light Cavalry
56:21 Hussar
59:28 Savar
ibreks
13:01 Feudal Age
13:49 Double-Bit Axe
14:56 Loom
19:29 Castle Age
21:47 Bow Saw
24:11 Wheelbarrow
26:07 Horse Collar
29:07 Fletching
31:01 Padded Archer Armor
31:32 Town Watch
34:08 Thumb Ring
34:01 Bodkin Arrow
34:21 Leather Archer Armor
35:03 Heavy Plow
35:23 Hand Cart
36:57 Gold Mining
39:10 Caravan
41:29 Nomads
45:02 Imperial Age
43:40 Scale Barding Armor
46:44 Conscription
46:34 Nomads
46:41 Heavy Camel Rider
47:32 Bloodlines
47:23 Husbandry
48:04 Drill
48:05 Conscription
48:50 Cavalier
50:50 Fortified Wall
51:41 Chemistry
51:02 Ballistics
54:54 Light Cavalry
68:11 Forging
68:07 Scale Barding Armor
71:16 Chain Barding Armor
Rompe--Anos
0:29 Loom
14:54 Feudal Age
20:18 Castle Age
18:48 Double-Bit Axe
18:48 Horse Collar
33:00 Ballistics
35:14 Imperial Age
33:44 Pikeman
34:50 Bow Saw
34:46 Heavy Plow
36:37 Chemistry
38:06 Scale Barding Armor
38:12 Forging
38:33 Halberdier
44:08 Elite War Elephant
45:12 Conscription
47:27 Iron Casting
47:46 Chain Barding Armor
48:19 Crop Rotation
48:56 Wheelbarrow
49:37 Two-Man Saw
51:31 Blast Furnace
53:51 Plate Barding Armor
53:24 Husbandry
53:36 Bloodlines
70:12 Kamandaran
gamezduarte
1:32 Loom
14:08 Feudal Age
15:07 Horse Collar
15:17 Double-Bit Axe
18:27 Town Watch
20:55 Fletching
24:15 Castle Age
22:54 Padded Archer Armor
25:31 Bodkin Arrow
26:36 Leather Archer Armor
26:51 Caravan
27:21 Bow Saw
27:23 Pikeman
28:35 Squires
28:21 Gambesons
36:02 Scale Mail Armor
36:14 Forging
39:54 Fervor
40:13 Sanctity
42:16 Gold Mining
42:17 Stone Mining
43:25 Crossbowman
49:57 Imperial Age
48:07 Wheelbarrow
47:48 Town Patrol
50:22 Halberdier
51:59 Conscription
68:34 Arbalester
RadCargo6254
0:31 Loom
13:44 Feudal Age
13:49 Man-at-Arms
17:29 Horse Collar
17:45 Stone Mining
18:41 Wheelbarrow
20:50 Fletching
21:21 Town Watch
21:30 Gold Mining
22:02 Forging
21:58 Scale Barding Armor
21:41 Double-Bit Axe
28:58 Castle Age
30:58 Town Patrol
31:36 Iron Casting
30:56 Bodkin Arrow
31:30 Bloodlines
31:20 Husbandry
30:41 Light Cavalry
32:24 Stone Shaft Mining
31:51 Heavy Plow
32:19 Chain Barding Armor
33:36 Scale Mail Armor
34:42 Fortified Wall
34:13 Treadmill Crane
35:28 Caravan
35:30 Murder Holes
35:47 Masonry
41:54 Imperial Age
41:12 Hand Cart
42:10 Coinage
42:29 Redemption
42:19 Devotion
42:36 Cavalier
44:15 Plate Barding Armor
44:40 Blast Furnace
44:04 Ballistics
44:31 Circumnavigation
47:06 Conscription
47:24 Arquebus
53:13 Elite Organ Gun
LookVil
0:29 Loom
14:33 Feudal Age
18:26 Double-Bit Axe
24:12 Castle Age
22:26 Horse Collar
23:24 Wheelbarrow
27:10 Fortified Wall
30:36 Caravan
34:52 Wagenburg Tactics
40:25 Imperial Age
38:45 Bow Saw
39:53 Fervor
40:06 Sanctity
41:54 Chemistry
40:53 Murder Holes
42:55 Hand Cart
44:27 Two-Man Saw
45:32 Houfnice
49:36 Conscription
53:22 Elite Hussite Wagon
Stigma
10:05 Loom
11:50 Feudal Age
12:50 Double-Bit Axe
12:51 Horse Collar
14:06 Gold Mining
18:20 Castle Age
17:01 Stone Mining
20:39 Caravan
23:14 Fervor
25:14 Bow Saw
27:03 Treadmill Crane
27:34 Fortified Wall
27:45 Ballistics
27:21 Murder Holes
29:24 Husbandry
30:37 Wheelbarrow
30:40 Forging
30:35 Scale Barding Armor
30:45 Heavy Plow
31:43 Hand Cart
31:42 Scale Barding Armor
33:15 Iron Casting
33:00 Chain Barding Armor
32:34 Town Watch
34:32 Masonry
34:28 Town Patrol
37:57 Imperial Age
38:46 Stone Shaft Mining
39:44 Chemistry
39:10 Conscription
38:12 Elite Leitis
40:24 Two-Man Saw
41:53 Plate Barding Armor
42:14 Crop Rotation
58:37 Pikeman
59:17 Squires
76:26 Spies/Treason
Connection lost

Rejoining the realm…

Still unreachable

The connection could not be restored.

Session expired

The server has moved on; the page needs a fresh start.